 Dungeon Crawl Stone Soup version 0.29-a0-284-gf9362112df (webtiles) character file.

Game seed: 4034219280861267329

46 being54 the Magician (level 3, 0/25 HPs)
             Began as a Djinni Fire Elementalist on Mar 17, 2022.
             Slain by a rat (2 damage)
             ... on level 3 of the Dungeon.
             The game lasted 00:08:06 (2641 turns).

being54 the Magician (Djinni Fire Elementalist)     Turns: 2641, Time: 00:08:08

Health: 0/25       AC:  2    Str:  7    XL:     3   Next: 95%
Gold:   130        EV: 12    Int: 18    God:
                   SH:  0    Dex: 13

rFire   + + .      SeeInvis .   b - +1 dagger (flame)
rCold   x . .      Faith    .   (no shield)
rNeg    . . .      Spirit   .   a - +0 robe
rPois   ∞          Reflect  .   (no helmet)
rElec   .          Harm     .   (no cloak)
rCorr   .          Rampage  .   (no gloves)
Will    .....                   (boots unavailable)
Stlth   ++........              (no amulet)
HPRegen 0.08/turn               (no ring)
MPRegen 0.00/turn               (no ring)

@: flying, very slightly contaminated
A: sickness immunity, fire resistance 2, cold vulnerability 1, float, innate
caster, HP casting, extra vitality 1
a: no special abilities


You were on level 3 of the Dungeon.
You visited 1 branch of the dungeon, and saw 3 of its levels.

You collected 130 gold pieces.

Inventory:

Hand Weapons
 b - a +1 dagger of flaming (weapon)
Armour
 a - a +0 robe (worn)
Jewellery
 j - a ring of resist corrosion
Scrolls
 d - a scroll of enchant weapon {unknown}
Potions
 c - a potion of mutation
 e - a potion of invisibility
 f - a potion of curing {unknown}
 l - a potion of magic {unknown}


   Skills:
 + Level 0.1 Short Blades
 + Level 2.7 Dodging
 + Level 1.7 Stealth
 + Level 3.2 Spellcasting


You couldn't memorise any spells.
You knew the following spells:

 Your Spells              Type           Power      Damage    Failure   Level
a - Foxfire               Conj/Fire      56%        2x1d6     4%          1
b - Scorch                Fire           28%        2d6       6%          2
c - Conjure Flame         Conj/Fire      14%        6-21      12%         3
d - Inner Flame           Hex/Fire       14%        N/A       12%         3
e - Flame Wave            Conj/Fire      14%        2d6       38%         4
f - Animate Skeleton      Necr           28%        N/A       4%          1
Your spell library was empty.

Dungeon Overview and Level Annotations

Branches:
Dungeon (3/15)

Altars:

Shops:
D:1 [


Innate Abilities, Weirdness & Mutations

You are immune to sickness and miasma.
You are immune to poison.
Your flesh is very heat resistant. (rF++)
You are vulnerable to cold. (rC-)
You float through the air rather than walking.
You learn spells naturally, not from books.
Your magical power is your life essence.
You have superior vitality. (+4 MHP)


Message History

Casting: Foxfire (safe; 4% risk of failure)
Press: ? - help, Q - select action, (/) - cycle Dir - look around, f - activate You miscast Foxfire.
You are very lightly contaminated with residual magic.
Nothing appears to happen.
The foxfire hits the jackal.
The jackal is almost dead.
The foxfire hits the gnoll.
The gnoll is lightly wounded.
The jackal bites you.
A gnoll comes into view. It is wielding a +0 halberd.
Casting: Foxfire (safe; 4% risk of failure)
Press: ? - help, Q - select action, (/) - cycle Dir - look around, f - activate You conjure some foxfire!
The jackal bites you.
The jackal bites you but does no damage. x2
The gnoll hits you with a +0 whip.
Casting: Foxfire (safe; 4% risk of failure)
Press: ? - help, Q - select action, (/) - cycle Dir - look around, f - activate You miscast Foxfire.
Nothing appears to happen.
The foxfire hits the jackal.
The jackal is moderately wounded.
The foxfire hits the jackal.
You kill the jackal!
The jackal closely misses you. The rat barely misses you. The gnoll misses you.
Casting: Foxfire (safe; 4% risk of failure)
Press: ? - help, Q - select action, (/) - cycle Dir - look around, f - activate You conjure some foxfire!
The jackal barely misses you.
A jackal comes into view.
The rat misses you. The gnoll hits you with a +0 whip!
* * * LOW HITPOINT WARNING * * *
The foxfire hits the gnoll.
The gnoll is moderately wounded.
The foxfire hits the gnoll.
The gnoll is severely wounded.
The jackal bites you.
* * * LOW HITPOINT WARNING * * *
The gnoll misses you. The jackal closely misses you. The rat bites you.
You die...

..... ..#. #...
... # .
##..##.# ...
##......##
.....#r........
#.g@.# #.h..#
......g#
........h.
≈≈≈≈≈≈...h≈
≈≈≈≈≈≈....≈≈
≈≈≈≈≈≈....≈≈≈
..............


You could see 2 gnolls, 3 jackals and a rat.

Vanquished Creatures
  An adder (D:2)
  2 worms (D:2)
  A bat (D:2)
  2 endoplasms (D:1)
  2 giant cockroaches
  5 hobgoblins
  A jackal (D:3)
  A quokka (D:1)
  2 ball pythons (D:2)
  3 frilled lizards (D:1)
  3 goblins (D:2)
  5 kobolds
  2 rats (D:2)
30 creatures vanquished.

Vanquished Creatures (others)
  44 foxfires
44 creatures vanquished.

Grand Total: 74 creatures vanquished

Notes
Turn   | Place    | Note
-------+----------+-------------------------------------------
     0 | D:1      | being54 the Djinni Fire Elementalist began the quest for
                  | the Orb.
     0 | D:1      | Reached XP level 1. HP: 15/15 MP: 0/0
     6 | D:1      | Noticed an iguana
     6 | D:1      | Noticed a ragged hierophant
     7 | D:1      | Noticed a fire giant
   331 | D:1      | Reached XP level 2. HP: 20/21 MP: 0/0
   548 | D:1      | Found a faded altar of an unknown god.
   771 | D:1      | Found Soqeopt's Armour Shoppe.
  1268 | D:2      | Reached XP level 3. HP: 23/25 MP: 0/0
  1268 | D:2      | Learned a level 1 spell: Animate Skeleton
  1273 | D:2      | Reached skill level 3 in Spellcasting
  2641 | D:3      | Slain by a rat

Illustrated notes

Levels and vault maps discovered:
D:1:      onia_arrival_zoo_common, layout_basic, ebering_ecumenical_altar_mist,
          serial_shops, nicolae_shop_stone
D:2:      cheibrodos_old_hovel, layout_basic, grunt_ministairs_9,
          corexii_item_surrounded_by_moat
D:3:      lemuel_castle_with_subvaults [lemuel_castle_interior_carwin_1],
          layout_rooms, uniq_terence, uniq_robin, uniq_ijyb

Skill      XL: |  1  2  3 |
---------------+----------+-----
Spellcasting   | 3 |  3.2
Short Blades   | |  0.1
Dodging        | |  2.7
Stealth        | |  1.7

Action                   || total
-------------------------++-------
Melee: Unarmed           ||     2
       Dagger            ||    63
 Cast: Foxfire           ||    30
       Scorch            ||     3
  Use: Scroll            ||     7
Armor: Robe              ||    22
Dodge: Dodged            ||    50

Table legend: (Time is in decaauts)
 A = Elapsed time spent in this place.
 B = Non-inter-level travel time spent in this place.
 C = Inter-level travel time spent in this place.
 D = Time resting spent in this place.
 E = Time spent auto-exploring this place.
 F = Levels seen in this place.
 G = Mean time per level.
                   A        B        C        D        E       F      G
               +--------+--------+--------+--------+--------+-----+--------+
         Total |   2639 |   2572 |     67 |    186 |   2109 |   3 |  879.7 |
       Dungeon |   2639 |   2572 |     67 |    186 |   2109 |   3 |  879.7 |
               +--------+--------+--------+--------+--------+-----+--------+

Top non-repeatable levels by time:
     D:2: 1598 daAuts
     D:1: 1033 daAuts
     D:3: 7 daAuts
